 Dungeon Crawl Stone Soup version 0.28-a0-479-g5baa6b73be (webtiles) character file.

Game seed: 10735820755092026531

79 Dabor the Conjurer (level 3, 0/26 HPs)
             Began as a Demigod Conjurer on Sept 18, 2021.
             Killed by nerve-wracking pain
             ... invoked by an orc priest
              (6 damage)
             ... on level 3 of the Dungeon.
             The game lasted 00:02:18 (1755 turns).

Dabor the Conjurer (Demigod Conjurer)               Turns: 1755, Time: 00:02:19

Health: 0/26       AC:  5    Str:  8    XL:     3   Next: 95%
Magic:  1/9        EV: 12    Int: 24    God:
Gold:   61         SH:  0    Dex: 12    Spells: 5/6 levels left

rFire   . . .      SeeInvis .   c - +2 dagger (speed)
rCold   . . .      Faith    .   (no shield)
rNeg    . . .      Spirit   .   a - +0 robe
rPois   .          Reflect  .   (no helmet)
rElec   .          Harm     .   b - +0 cloak
rCorr   .          Rampage  .   g - +0 pair of gloves
Will    .....                   h - +0 pair of boots
Stlth   ++........              (no amulet)
HPRegen 0.08/turn               (no ring)
MPRegen 0.11/turn               (no ring)

@: no status effects
A: high mp 1, forlorn
a: no special abilities


You were on level 3 of the Dungeon.
You visited 1 branch of the dungeon, and saw 3 of its levels.

You collected 61 gold pieces.

Inventory:

Hand Weapons
 c - a +2 dagger of speed (weapon)
Armour
 a - a +0 robe (worn)
 b - a +0 cloak (worn)
 g - a +0 pair of gloves (worn)
 h - a +0 pair of boots (worn)
Scrolls
 e - a scroll of torment {unknown}
 f - 2 scrolls of identify {unknown}
 j - a scroll of holy word {unknown}
 l - a scroll of enchant weapon {unknown}
 m - a scroll of amnesia {unknown}
 n - a scroll of enchant armour {unknown}
 o - a scroll of immolation {unknown}
Potions
 d - a potion of ambrosia {unknown}
 i - a potion of resistance {unknown}
 k - a potion of flight {unknown}


   Skills:
 + Level 2.4 Dodging
 + Level 2.6 Stealth
 + Level 2.4 Spellcasting
 + Level 4.0 Conjurations


You had 5 spell levels left.
You knew the following spells:

 Your Spells              Type           Power      Damage    Failure   Level
a - Magic Dart            Conj           88%        1d7       2%          1

Your spell library contained the following spells:

 Spells                   Type           Power      Damage    Failure   Level
 Searing Ray              Conj           44%        2d6       3%          2
 Dazzling Flash           Conj/Hex       24%        N/A       16%         3
 Fulminant Prism          Conj/Hex       6%         3d7       45%         4
 Iskenderun's Mystic Bla  Conj/Tloc      12%        2d5       45%         4


Dungeon Overview and Level Annotations

Branches:
Dungeon (3/15)


Innate Abilities, Weirdness & Mutations

Your attributes grow dramatically as you level up.
You have an increased reservoir of magic. (+10% MP)
You shall have no god before yourself.


Message History

The orc priest is heavily wounded.
The goblin shoots a stone.
The stone misses you. The orc priest completely misses you.
The magic dart hits the orc priest.
The orc priest is almost dead.
The goblin shoots a stone.
The stone hits you.
The orc priest calls upon Beogh to heal the orc priest.
The orc priest is healed somewhat.
The orc priest hits you with a +0 hand axe.
The magic dart hits the orc priest.
You kill the orc priest!
The goblin shoots a stone.
The stone hits you but does no damage. The orc priest barely misses you.
Your Conjurations skill increases to level 4!
The magic dart hits the orc priest.
The orc priest is lightly wounded.
The goblin shoots a stone.
The stone misses you.
The orc priest hits you with a +0 dagger.
The magic dart hits the orc priest.
The orc priest is lightly wounded.
The goblin shoots a stone.
The stone hits you but does no damage. The orc priest barely misses you.
The magic dart hits the orc priest.
The orc priest is moderately wounded.
The orc priest barely misses you.
The magic dart hits the orc priest.
The orc priest is moderately wounded.
The goblin shoots a stone.
The stone closely misses you.
The orc priest hits you with a +0 dagger.
The magic dart hits the orc priest.
The orc priest is heavily wounded.
The goblin shoots a stone.
The stone hits you.
The orc priest hits you with a +0 dagger.
You closely miss the orc priest.
The orc priest is heavily wounded.
The goblin shoots a stone.
The stone hits you.
* * * LOW HITPOINT WARNING * * *
The orc priest calls down the wrath of Beogh upon you.
Pain shoots through your body!
You die...

####### #<...@#
.....g.[..o)..#
##g.......#.#.#
#.)...⌠....#.#
#........... #
#........###.#
#...+..... .
#...#######


You could see an orc priest and a goblin.

Vanquished Creatures
  An orc priest (D:3)
  An adder (D:2)
  A worm (D:2)
  A dart slug (D:1)
  2 orcs
  5 bats
  An endoplasm (D:1)
  3 giant cockroaches
  4 goblins
  4 hobgoblins
  3 jackals (D:1)
  A kobold (D:1)
  2 frilled lizards
  4 rats
33 creatures vanquished.

Notes
Turn   | Place    | Note
-------+----------+-------------------------------------------
     0 | D:1      | Dabor the Demigod Conjurer began the quest for the Orb.
     0 | D:1      | Reached XP level 1. HP: 14/14 MP: 5/5
   183 | D:1      | Reached XP level 2. HP: 16/20 MP: 0/7
  1157 | D:2      | Reached XP level 3. HP: 26/26 MP: 1/8
  1749 | D:3      | Reached skill level 4 in Conjurations
  1755 | D:3      | Killed from afar by an orc priest

Illustrated notes

Levels and vault maps discovered:
D:1:      amcnicky_arrival_flooded_fountain, layout_basic
D:2:      layout_basic, basic_altar
D:3:      layout_basic, dreamdust_ecumenical_altar_angels_and_demons,
          solitary_fountain

Skill      XL: |  1  2  3 |
---------------+----------+-----
Stealth        | 2 |  2.6
Dodging        | 2 |  2.4
Spellcasting   | 2 |  2.4
Conjurations   | 4 |  4.0

Action                   || total
-------------------------++-------
Melee: Dagger            ||     9
 Cast: Magic Dart        ||    70
Armor: Robe              ||     2
Dodge: Dodged            ||    15

Table legend: (Time is in decaauts)
 A = Elapsed time spent in this place.
 B = Non-inter-level travel time spent in this place.
 C = Inter-level travel time spent in this place.
 D = Time resting spent in this place.
 E = Time spent auto-exploring this place.
 F = Levels seen in this place.
 G = Mean time per level.
                   A        B        C        D        E       F      G
               +--------+--------+--------+--------+--------+-----+--------+
         Total |   1751 |   1564 |    187 |    200 |   1202 |   3 |  583.7 |
       Dungeon |   1751 |   1564 |    187 |    200 |   1202 |   3 |  583.7 |
               +--------+--------+--------+--------+--------+-----+--------+

Top non-repeatable levels by time:
     D:1: 902 daAuts
     D:2: 832 daAuts
     D:3: 16 daAuts
